 Dungeon Crawl Stone Soup version 0.32-a0-468-g38b2580584 (webtiles) character file.

Game seed: 9788191676431212976

1403 RocksteadyAndBebop the Caller (level 8, 0/52 HPs)
             Began as a Mummy Summoner on Feb 24, 2024.
             Was a Follower of Kikubaaqudgha.
             Slain by an ufetubus (3 damage)
             ... on level 6 of the Dungeon.
             The game lasted 00:11:47 (6071 turns).

RocksteadyAndBebop the Caller (Mummy Summoner)      Turns: 6071, Time: 00:11:48

Health: 0/52       AC:  3    Str: 12    XL:     8   Next: 42%
Magic:  3/14       EV: 12    Int: 16    God:    Kikubaaqudgha [*.....]
Gold:   455        SH:  0    Dex: 12    Spells: 7/15 levels left

rFire   x . .        l - +3 dagger (venom)
rCold   + . .        (no shield)
rNeg    + + +        a - +0 robe
rPois   ∞            (no helmet)
rElec   .            (no cloak)
rCorr   .            f - +0 pair of gloves
SInv    .            (no boots)
Will    +....        (no amulet)
Stlth   ++           (no ring)
HPRegen 0.28/turn    (no ring)
MPRegen 0.14/turn

%: faith
@: inugami summoned
A: cold resistance 1, negative energy resistance 3, torment resistance 2, heat
vulnerability 1, in touch with death 1, no potions, faith
a: Renounce Religion, Unearth Wretches


You were on level 6 of the Dungeon.
You worshipped Kikubaaqudgha.
Kikubaaqudgha was aware of your devotion.
You visited 2 branches of the dungeon, and saw 7 of its levels.

You collected 455 gold pieces.

Inventory:

Hand Weapons
 l - a +3 dagger of venom (weapon)
Missiles
 b - 2 throwing nets
Armour
 a - a +0 robe (worn)
 f - a +0 pair of gloves (worn)
Jewellery
 g - a +6 ring of dexterity
 j - a ring of protection from cold
Scrolls
 c - 5 scrolls of teleportation {unknown}
 d - 3 scrolls of identify {unknown}
 e - a scroll of blinking {unknown}
 h - a scroll of vulnerability {unknown}


   Skills:
 - Level 1.5 Dodging
 - Level 1.5 Stealth
 - Level 4.0 Spellcasting
 * Level 7.5 Summonings
 - Level 5.0 Air Magic


You had 7 spell levels left.
You knew the following spells:

 Your Spells              Type           Power      Damage    Failure   Level
c - Call Canine Familiar  Summ           27%        N/A       2%          3
l - Summon Lightning Spi  Summ/Air       23%        N/A       13%         4
s - Summon Small Mammal   Summ           100%       N/A       1%          1

Your spell library contained the following spells:

 Spells                   Type           Power      Damage    Failure   Level
 Call Imp                 Summ           54%        N/A       1%          2
 Cigotuvi's Dreadful Rot  Necr/Alch/Air  24%        N/A       13%         2
 Apportation              Tloc           6%         N/A       17%         1
 Freeze                   Ice            12%        1d3       17%         1
 Kiss of Death            Conj/Necr      16%        2d6       17%         1
 Necrotise                Necr           16%        1d4       17%         1
 Jinxbite                 Hex            6%         N/A       26%         2
 Lesser Beckoning         Tloc           6%         N/A       26%         2
 Summon Blazeheart Golem  Fire/Summ      15%        N/A       34%         4
 Confusing Touch          Hex            3%         N/A       45%         3
 Frozen Ramparts          Ice            6%         1d1       45%         3
 Gell's Gravitas          Tloc           3%         N/A       45%         3
 Hailstorm                Conj/Ice       3%         3d5       45%         3
 Teleport Other           Tloc           3%         N/A       45%         3
 Animate Dead             Necr           4%         N/A       86%         4
 Dispel Undead            Necr           4%         3d7       86%         4
 Alistair's Intoxication  Alch           2%         N/A       99%         5


Dungeon Overview and Level Annotations

Branches:
Dungeon (6/15)             Temple (1/1) D:5

Altars:
Ashenzari
Cheibriados
Dithmenos
Fedhas
Gozag
Hepliaklqana
Kikubaaqudgha
Makhleb
Nemelex Xobeh
Qazlal
Ru
Sif Muna
Trog
Uskayaw
Xom
Yredelemnul

Shops:
D:1 *   D:5 !

Annotations:
D:4 1 runed translucent door, Vorhees's ghost, novice MDFi


Innate Abilities, Weirdness & Mutations

You are immune to poison.
Your flesh is cold resistant. (rC+)
You are immune to negative energy. (rN+++)
You are immune to unholy pain and torment.
You are vulnerable to heat. (rF-)
You are in touch with the powers of death.
You do not drink.
You have a special connection with the divine. (Faith)


Message History

The ufetubus barely misses you. The ufetubus closely misses you.
The ufetubus hits you.
The ufetubus hits you but does no damage.
The ufetubus attacks as it pursues you! The ufetubus barely misses you.
The ufetubus hits you but does no damage.
The ufetubus attacks as it pursues you! The ufetubus barely misses you.
The ufetubus closely misses you. The ufetubus slips past you!
The ufetubus barely misses you. The ufetubus misses you.
You barely miss the ufetubus.
The ufetubus is moderately wounded.
The ufetubus barely misses you. The ufetubus hits you.
You closely miss the ufetubus.
The ufetubus is moderately wounded.
The ufetubus barely misses you. x2; The ufetubus completely misses you.
The ufetubus hits you but does no damage.
You closely miss the ufetubus.
The ufetubus is moderately wounded.
The ufetubus hits you. x2
You barely miss the ufetubus.
The ufetubus is moderately wounded.
The ufetubus hits you. The ufetubus barely misses you.
The ufetubus hits you. x2
* * * LOW HITPOINT WARNING * * *
The orc hits you with a +0 dagger.
* * * LOW HITPOINT WARNING * * *
As you read the scroll labelled ZAAFOZ GAWNAIK, it crumbles to dust.
It is a scroll of enchant weapon.
Your +2 dagger of venom glows red for a moment.
The ufetubus hits you.
* * * LOW HITPOINT WARNING * * *
The ufetubus hits you.
* * * LOW HITPOINT WARNING * * *
The orc hits you with a +0 dagger.
* * * LOW HITPOINT WARNING * * *
You hit the orc but do no damage.
The orc is lightly wounded.
The ufetubus barely misses you. The ufetubus hits you.
* * * LOW HITPOINT WARNING * * *
The ufetubus barely misses you. The ufetubus hits you.
You die...
Kikubaaqudgha rasps: You have failed me!
Welcome... oblivion!

.###.^....####......# #######
..........####......#######....##
.............................>...
###.......####......#######.#..##
##....#...................#....
####.###########.........#.###
#..### #.........#.#
########...########.........#.#
h5.............o@5..........#.#
##########.##########'#######.#
....#..........### #.# #.#
.<#...####.#.....####.#######.###
.#....# #.#.....................
(#.#..####.#......###.#######.##.
...................##.# #.##.
.#.#.........####..##.# #.##.
.#.#..####............# #.##.


You could see an ufetubus and an orc.

Vanquished Creatures
  A scorpion (D:5)
  2 killer bees (D:6)
  A jelly (D:6)
  A gnoll (D:5)
  2 adders
  A white imp (Temple)
  3 ufetubi
  5 bats
  An endoplasm (D:1)
  A goblin (D:1)
  3 hobgoblins
  3 jackals (Temple)
  2 ball pythons
  4 frilled lizards
30 creatures vanquished.

Vanquished Creatures (collateral kills)
  A water moccasin (D:4)
  An ice beast (D:5)
  An ogre (D:6)
  A phantom (D:3)
  Blork the orc (D:5)
  A kobold brigand (D:5)
  A scorpion (D:6)
  2 killer bees (D:6)
  3 hounds
  2 bombardier beetles
  A jelly (D:5)
  An iguana (D:5)
  A sleepcap (Temple)
  3 orc wizards (D:5)
  8 adders
  4 gnolls (D:6)
  A white imp (D:5)
  2 ufetubi
  3 dart slugs
  8 orcs
  3 ball pythons
  5 bats
  8 endoplasms
  2 giant cockroaches
  3 goblins
  5 hobgoblins
  4 jackals
  2 quokkas
  5 frilled lizards
  6 kobolds
  5 rats
94 creatures vanquished.

Grand Total: 124 creatures vanquished

Notes
Turn   | Place    | Note
-------+----------+-------------------------------------------
     0 | D:1      | RocksteadyAndBebop the Mummy Summoner began the quest for
                  | the Orb.
     0 | D:1      | Reached XP level 1. HP: 13/13 MP: 4/4
    46 | D:1      | Found Porew's General Store.
   281 | D:1      | Reached XP level 2. HP: 18/19 MP: 1/5
   457 | D:1      | Reached skill level 1 in Air Magic
   737 | D:1      | Reached XP level 3. HP: 24/24 MP: 4/7
   875 | D:1      | Found a faded altar of an unknown god.
   913 | D:1      | Learned a level 3 spell: Call Canine Familiar
  1383 | D:2      | Reached XP level 4. HP: 30/30 MP: 3/9
  1750 | D:2      | Learned a level 4 spell: Summon Lightning Spire
  1863 | D:3      | Reached skill level 4 in Summonings
  1943 | D:3      | Noticed a phantom
  1991 | D:3      | Killed a phantom
  1992 | D:3      | Reached XP level 5. HP: 30/35 MP: 7/10
  2926 | D:4      | Found a runed translucent door.
  3444 | D:4      | Noticed Vorhees's ghost (novice MDFi)
  3458 | D:5      | Entered Level 5 of the Dungeon
  3572 | D:5      | Reached XP level 6. HP: 33/41 MP: 2/12
  3729 | D:5      | Found a staircase to the Ecumenical Temple.
  3734 | D:5      | Noticed Blork the orc
  3741 | Temple   | Entered the Ecumenical Temple
  3844 | Temple   | Became a worshipper of Kikubaaqudgha
  3883 | Temple   | Reached skill level 5 in Summonings
  3936 | D:5      | Killed Blork the orc
  3947 | D:5      | Reached XP level 7. HP: 24/46 MP: 3/13
  4080 | D:5      | Found Keph's Distillery.
  4234 | D:4      | HP: 1/46 [water moccasin (6)]
  4732 | D:5      | Reached * piety under Kikubaaqudgha
  4732 | D:5      | Received a gift from Kikubaaqudgha
  4852 | D:5      | Reached skill level 6 in Summonings
  5005 | D:6      | Reached skill level 5 in Air Magic
  5162 | D:6      | Reached XP level 8. HP: 28/52 MP: 7/14
  5619 | D:6      | Reached skill level 7 in Summonings
  6071 | D:6      | Slain by an ufetubus

Illustrated notes

Levels and vault maps discovered:
D:1:      zelgadis_glass_arrival_small, layout_rooms, serial_shops,
          nicolae_shop_gibbet_a_chance, ebering_ecumenical_altar_petrified
D:2:      layout_basic, minmay_tiny_reverse_x
D:3:      layout_rooms, serial_curves, eino_curves_01, eino_curves_02,
          minmay_joined_circles
D:4:      layout_loops_ring, ebering_ghost_reflecting_pool,
          nicolae_concentric_dashed_squares_wild
D:5:      lemuel_ice_spiral_2, layout_rooms, minmay_temple_entry_glass,
          serial_shops, nicolae_shop_back_alley_shop, uniq_blork_the_orc
D:6:      layout_basic
Temple:   nicolae_temple_bog_church

Skill      XL: |  1  2  3  4  5  6  7  8 |
---------------+-------------------------+-----
Spellcasting   | 3 4 |  4.0
Air Magic      | 1 2 3 5 |  5.0
Summonings     | 4 5 6 7 |  7.5
Dodging        | |  1.5
Stealth        | |  1.5

Action                     |  1- 3 |  4- 6 |  7- 9 || total
---------------------------+-------+-------+-------++-------
  Melee: Unarmed           |    92 |    47 |       ||   139
         Punch             |       |     1 |       ||     1
         Dagger            |       |    12 |    48 ||    60
   Cast: Summon Small Mamm |    58 |    54 |    28 ||   140
         Call Canine Famil |     4 |    22 |    16 ||    42
         Summon Lightning  |       |       |     8 ||     8
    Use: Scroll            |       |       |     4 ||     4
   Stab: Distracted        |     1 |     1 |     1 ||     3
         Sleeping          |     1 |       |     2 ||     3
 Armour: Robe              |    54 |    72 |    92 ||   218
  Dodge: Dodged            |    78 |    76 |    88 ||   242

Table legend: (Time is in decaauts)
 A = Elapsed time spent in this place.
 B = Non-inter-level travel time spent in this place.
 C = Inter-level travel time spent in this place.
 D = Time resting spent in this place.
 E = Time spent auto-exploring this place.
 F = Levels seen in this place.
 G = Mean time per level.
                   A        B        C        D        E       F      G
               +--------+--------+--------+--------+--------+-----+--------+
         Total |   6076 |   5857 |    219 |    687 |   3995 |   7 |  868.0 |
       Dungeon |   5891 |   5726 |    165 |    584 |   3995 |   6 |  981.8 |
        Temple |    185 |    131 |     54 |    103 |      0 |   1 |  185.0 |
               +--------+--------+--------+--------+--------+-----+--------+

Top non-repeatable levels by time:
     D:4: 1202 daAuts
     D:5: 1041 daAuts
     D:6: 970 daAuts
     D:1: 920 daAuts
     D:2: 886 daAuts
     D:3: 869 daAuts
  Temple: 185 daAuts
